EL
NEW HAMPSHIRE FISHER CATS @ BIRMINGHAM BARONS
08/10/2047
 
TOP OF THE 1ST
New Hampshire Fisher Cats batting - Pitching for Birmingham Barons : RHP Jon Manwaring
Pitching: RHP Jon Manwaring
Batting: RHB Bill Murray 0-0: Foul Ball, location: 2F
0-1: Foul Ball, location: 2F
0-2: Ball
1-2: Foul Ball, location: 2F
1-2: Ball
2-2: Ball
3-2: Foul Ball, location: 2F
3-2: Foul Ball, location: 2F
3-2: Fly out, F8 (Flyball, 78D, EV 102.5 MPH)
Batting: RHB Kirk Seiffert 0-0: Swinging Strike
0-1: Foul Ball, location: 2F
0-2: Foul Ball, location: 2F
0-2: Ball
1-2: Strikes out looking
Batting: LHB Rodrigo Briceno 0-0: Ball
1-0: Ball
2-0: Ball
3-0: Swinging Strike
3-1: TRIPLE (Flyball, 78XD, EV 105.0 MPH)
Batting: SHB Dominik Hasek II 0-0: Called Strike
0-1: Ground out 4-3 (Groundball, 4, EV 85.6 MPH)
Top of the 1st over - 0 runs, 1 hit, 0 errors, 1 left on base; New Hampshire 0 - Birmingham 0
BOTTOM OF THE 1ST
Birmingham Barons batting - Pitching for New Hampshire Fisher Cats : RHP Danny Walker
Pitching: RHP Danny Walker
Batting: RHB Danny Heikkila 0-0: Ball
1-0: Fly out, F9 (Flyball, 89M, EV 88.8 MPH)
Batting: LHB Joe Kirkland 0-0: Ball
1-0: Called Strike
1-1: Fly out, F4 (Line Drive, 4, EV 68.8 MPH)
Batting: SHB Alfie Bungledorf 0-0: Swinging Strike
0-1: Fly out, F7 (Line Drive, 78M, EV 96.2 MPH)
Bottom of the 1st over - 0 runs, 0 hits, 0 errors, 0 left on base; New Hampshire 0 - Birmingham 0
TOP OF THE 2ND
New Hampshire Fisher Cats batting - Pitching for Birmingham Barons : RHP Jon Manwaring
Batting: RHB Butch Koglin 0-0: Called Strike
0-1: Called Strike
0-2: Ball
1-2: Ball
2-2: Ground out 5-3 (Groundball, 5S, EV 75.6 MPH)
Batting: RHB Selam Chimsima 0-0: Called Strike
0-1: Ball
1-1: Called Strike
1-2: Foul Ball, location: 2F
1-2: Ground out 4-3 (Groundball, 4, EV 80.6 MPH)
Batting: SHB Tristan Dearing 0-0: Called Strike
0-1: Ball
1-1: Foul Ball, location: 2F
1-2: Ball
2-2: Ball
3-2: Foul Ball, location: 2F
3-2: Foul Ball, location: 2F
3-2: SINGLE (Line Drive, 6MD, EV 112.5 MPH)
Batting: LHB Eddie Muniz 0-0: Called Strike
Tristan Dearing steals 2nd base
0-1: Called Strike
0-2: Ball
1-2: Ball
2-2: DOUBLE (Line Drive, 78M, EV 106.9 MPH)
Tristan Dearing scores
Batting: RHB Bryan Mattis 0-0: Called Strike
0-1: Foul Ball, location: 2F
0-2: Ball
1-2: Ball
2-2: Strikes out looking
Top of the 2nd over - 1 run, 2 hits, 0 errors, 1 left on base; New Hampshire 1 - Birmingham 0
BOTTOM OF THE 2ND
Birmingham Barons batting - Pitching for New Hampshire Fisher Cats : RHP Danny Walker
Batting: LHB Herkko Haavikko 0-0: Called Strike
0-1: Foul Ball, location: 2F
0-2: Strikes out swinging
Batting: RHB Mike Savage 0-0: Swinging Strike
0-1: Swinging Strike
0-2: Ball
1-2: Foul Ball, location: 2F
1-2: Ball
2-2: Ball
3-2: SINGLE (Line Drive, 8LS, EV 105.0 MPH)
Batting: RHB Skyler Goss 0-0: Called Strike
0-1: Foul Ball, location: 2F
0-2: Ball
1-2: Ball
2-2: Foul Ball, location: 2F
2-2: Ball
3-2: DOUBLE (Line Drive, 89D, EV 106.2 MPH)
Mike Savage to third
Batting: SHB Matt Childers 0-0: Fly out, F9 (Flyball, 9D, EV 91.2 MPH)
Runner from 3rd tags up, SCORES, no throw by RF
Skyler Goss to third
Batting: LHB Alex Mendoza 0-0: Ball
1-0: SINGLE (Groundball, 6MS, EV 67.5 MPH) (infield hit)
Skyler Goss scores
Batting: LHB Noel Wilson 0-0: SINGLE (Groundball, 34D, EV 101.2 MPH)
Alex Mendoza to second
Runner from 2nd tries for 3rd, OUT! 9-5
Bottom of the 2nd over - 2 runs, 4 hits, 0 errors, 1 left on base; New Hampshire 1 - Birmingham 2
TOP OF THE 3RD
New Hampshire Fisher Cats batting - Pitching for Birmingham Barons : RHP Jon Manwaring
Batting: RHB Bill Murray 0-0: Ball
1-0: Foul Ball, location: 2F
1-1: Ball
2-1: Foul Ball, location: 2F
2-2: Fly out, F6 (Line Drive, 56, EV 93.1 MPH)
Batting: RHB Kirk Seiffert 0-0: Swinging Strike
0-1: Called Strike
0-2: Ball
1-2: Strikes out looking
Batting: LHB Rodrigo Briceno 0-0: Ball
1-0: Ball
2-0: Ball
3-0: Base on Balls
Batting: SHB Dominik Hasek II 0-0: Fly out, F3 (Popup, 3F, EV 82.5 MPH)
Top of the 3rd over - 0 runs, 0 hits, 0 errors, 1 left on base; New Hampshire 1 - Birmingham 2
BOTTOM OF THE 3RD
Birmingham Barons batting - Pitching for New Hampshire Fisher Cats : RHP Danny Walker
Batting: RHB Danny Heikkila 0-0: Ball
1-0: Reached on error, E5 (Groundball, 5S, EV 43.8 MPH)
Batting: LHB Joe Kirkland 0-0: Reached via error on a dropped throw from 2B, E3 (Groundball, 4MS, EV 63.1 MPH)
Danny Heikkila to third
Batting: SHB Alfie Bungledorf 0-0: Ball
1-0: Ball
2-0: Ball
3-0: Called Strike
3-1: Base on Balls
Joe Kirkland to second
Batting: LHB Herkko Haavikko 0-0: Ball
1-0: Foul Ball, location: 2F
1-1: Foul Ball, location: 2F
1-2: DOUBLE (Line Drive, 7LD, EV 108.1 MPH)
Danny Heikkila scores
Joe Kirkland scores
Alfie Bungledorf to third
Runner from 3rd tries for Home, throw by LF and OUT! 7-6-2
Batting: RHB Mike Savage 0-0: Called Strike
0-1: Called Strike
0-2: Ball
1-2: Ball
2-2: Ball
3-2: Base on Balls
Batting: RHB Skyler Goss 0-0: Ball
1-0: Called Strike
1-1: Reached on error, E5 (Groundball, 56, EV 111.9 MPH)
Herkko Haavikko to third
Mike Savage to second
Batting: SHB Matt Childers 0-0: Ball
1-0: Foul Ball, location: 2F
1-1: Swinging Strike
1-2: Ball
2-2: Strikes out swinging
Batting: LHB Alex Mendoza 0-0: Fielders Choice at 2nd, U6 (Groundball, 4MD, EV 88.1 MPH)
Bottom of the 3rd over - 2 runs, 1 hit, 3 errors, 3 left on base; New Hampshire 1 - Birmingham 4
TOP OF THE 4TH
New Hampshire Fisher Cats batting - Pitching for Birmingham Barons : RHP Jon Manwaring
Batting: RHB Butch Koglin 0-0: Foul Ball, location: 2F
0-1: Swinging Strike
0-2: Ball
1-2: Ball
2-2: Ball
3-2: Ground out 6-3 (Groundball, 6, EV 86.9 MPH)
Batting: RHB Selam Chimsima 0-0: Called Strike
0-1: DOUBLE (Flyball, 78XD, EV 104.4 MPH)
Batting: SHB Tristan Dearing 0-0: Ball
1-0: Swinging Strike
1-1: Foul Ball, location: 2F
1-2: Ball
2-2: Ball
3-2: Strikes out looking
Batting: LHB Eddie Muniz 0-0: Ball
1-0: Foul Ball, location: 2F
1-1: Ball
2-1: Ground out 4-3 (Groundball, 4, EV 110.0 MPH)
Top of the 4th over - 0 runs, 1 hit, 0 errors, 1 left on base; New Hampshire 1 - Birmingham 4
BOTTOM OF THE 4TH
Birmingham Barons batting - Pitching for New Hampshire Fisher Cats : RHP Danny Walker
Batting: LHB Noel Wilson 0-0: Ball
1-0: Called Strike
1-1: Ground out 4-3 (Groundball, 4, EV 81.2 MPH)
Batting: RHB Danny Heikkila 0-0: Ball
1-0: Ball
2-0: Foul Ball, location: 2F
2-1: Ball
3-1: Base on Balls
Batting: LHB Joe Kirkland 0-0: Ball
1-0: Swinging Strike
1-1: Swinging Strike
1-2: Strikes out swinging
Batting: SHB Alfie Bungledorf 0-0: Called Strike
0-1: Ball
1-1: Ball
2-1: Ball
3-1: SINGLE (Groundball, 13S, EV 64.4 MPH) (infield hit)
Danny Heikkila to second
Batting: LHB Herkko Haavikko 0-0: Foul Ball, location: 2F
0-1: Ball
1-1: Ground out 4-3 (Groundball, 34D, EV 89.4 MPH)
Bottom of the 4th over - 0 runs, 1 hit, 0 errors, 2 left on base; New Hampshire 1 - Birmingham 4
TOP OF THE 5TH
New Hampshire Fisher Cats batting - Pitching for Birmingham Barons : RHP Jon Manwaring
Batting: RHB Bryan Mattis 0-0: Ground out 4-3 (Groundball, 4M, EV 102.5 MPH)
Batting: RHB Bill Murray 0-0: Ball
1-0: Ball
2-0: Called Strike
2-1: Foul Ball, location: 2F
2-2: Fly out, F7 (Flyball, 7LMF, EV 91.2 MPH)
Batting: RHB Kirk Seiffert 0-0: Called Strike
0-1: Foul Ball, location: 2F
0-2: Ball
1-2: Ball
2-2: Foul Ball, location: 2F
2-2: Ball
3-2: Foul Ball, location: 2F
3-2: Strikes out swinging
Top of the 5th over - 0 runs, 0 hits, 0 errors, 0 left on base; New Hampshire 1 - Birmingham 4
BOTTOM OF THE 5TH
Birmingham Barons batting - Pitching for New Hampshire Fisher Cats : RHP Danny Walker
Batting: RHB Mike Savage 0-0: Called Strike
0-1: Ball
1-1: Ball
2-1: Ball
3-1: Foul Ball, location: 2F
3-2: Base on Balls
Batting: RHB Skyler Goss 0-0: Called Strike
0-1: Fly out, F7 (Flyball, 78D, EV 96.2 MPH)
Batting: SHB Matt Childers 0-0: Ball
1-0: Ball
2-0: Ball
3-0: Called Strike
3-1: Swinging Strike
3-2: Foul Ball, location: 2F
3-2: Foul Ball, location: 2F
3-2: Grounds out, U3 (Groundball, 3L, EV 90.0 MPH)
Batting: LHB Alex Mendoza 0-0: Ball
1-0: Called Strike
1-1: SINGLE (Groundball, 6D, EV 110.0 MPH)
Mike Savage to third
Runner from 3rd tries for Home, SAFE, throw by CF to home
Alex Mendoza to second
Batting: LHB Noel Wilson 0-0: DOUBLE (Line Drive, 8LD, EV 109.4 MPH)
Alex Mendoza scores
Pitching: RHP Jordan Tejeda
Batting: RHB Danny Heikkila 0-0: Called Strike
0-1: Swinging Strike
0-2: Strikes out swinging
Bottom of the 5th over - 2 runs, 2 hits, 0 errors, 1 left on base; New Hampshire 1 - Birmingham 6
TOP OF THE 6TH
New Hampshire Fisher Cats batting - Pitching for Birmingham Barons : RHP Jon Manwaring
Pitching: RHP Freddy Barahona
Batting: LHB Rodrigo Briceno 0-0: Ball
1-0: Called Strike
1-1: Ball
2-1: Ball
3-1: Foul Ball, location: 2F
3-2: Foul Ball, location: 2F
3-2: Strikes out swinging
Batting: SHB Dominik Hasek II 0-0: Ball
1-0: Called Strike
1-1: Ball
2-1: Ball
3-1: Called Strike
3-2: SINGLE (Line Drive, 8RS, EV 103.1 MPH)
Batting: RHB Butch Koglin 0-0: Called Strike
0-1: Called Strike
Dominik Hasek II steals 2nd, throwing error, E2
Dominik Hasek II to third
0-2: Ball
1-2: Ball
2-2: Strikes out swinging
Batting: RHB Selam Chimsima 0-0: Foul Ball, location: 2F
0-1: Swinging Strike
0-2: Ball
1-2: Strikes out swinging
Top of the 6th over - 0 runs, 1 hit, 1 error, 1 left on base; New Hampshire 1 - Birmingham 6
BOTTOM OF THE 6TH
Birmingham Barons batting - Pitching for New Hampshire Fisher Cats : RHP Jordan Tejeda
Batting: LHB Joe Kirkland 0-0: Foul Ball, location: 2F
0-1: Ball
1-1: Ball
2-1: Ground out 4-3 (Groundball, 4, EV 80.0 MPH)
Batting: SHB Alfie Bungledorf 0-0: Called Strike
0-1: Called Strike
0-2: Ball
1-2: Ball
2-2: SINGLE (Groundball, 6MS, EV 60.6 MPH) (infield hit)
Batting: LHB Herkko Haavikko 0-0: Called Strike
0-1: Called Strike
0-2: DOUBLE (Line Drive, 89XD, EV 103.1 MPH)
Alfie Bungledorf to third
Batting: RHB Mike Savage 0-0: Ball
1-0: SINGLE (Line Drive, 6MD, EV 105.0 MPH)
Alfie Bungledorf scores
Herkko Haavikko to third
Runner from 3rd tries for Home, SAFE, throw by CF to home
Batting: RHB Skyler Goss 0-0: Ball
1-0: Called Strike
1-1: Foul Ball, location: 2F
1-2: Foul Ball, location: 2F
1-2: Strikes out swinging
Batting: SHB Matt Childers 0-0: Ball
1-0: Ball
2-0: Ball
3-0: Called Strike
3-1: Ground out U3 (Groundball, 34, EV 81.9 MPH)
Bottom of the 6th over - 2 runs, 3 hits, 0 errors, 1 left on base; New Hampshire 1 - Birmingham 8
TOP OF THE 7TH
New Hampshire Fisher Cats batting - Pitching for Birmingham Barons : RHP Freddy Barahona
Batting: SHB Tristan Dearing 0-0: Ball
1-0: Called Strike
1-1: Foul Ball, location: 2F
1-2: Ball
2-2: Foul Ball, location: 2F
2-2: Strikes out swinging
Batting: LHB Eddie Muniz 0-0: Called Strike
0-1: Foul Ball, location: 2F
0-2: Ball
1-2: Foul Ball, location: 2F
1-2: Ground out 4-3 (Groundball, 4, EV 100.0 MPH)
Batting: RHB Bryan Mattis 0-0: Ball
1-0: Ball
2-0: Ground out 6-3 (Groundball, 6, EV 84.4 MPH)
Top of the 7th over - 0 runs, 0 hits, 0 errors, 0 left on base; New Hampshire 1 - Birmingham 8
BOTTOM OF THE 7TH
Birmingham Barons batting - Pitching for New Hampshire Fisher Cats : RHP Jordan Tejeda
Batting: LHB Alex Mendoza 0-0: Ground out U3 (Groundball, 3L, EV 83.8 MPH)
Batting: LHB Noel Wilson 0-0: Fly out, F6 (Popup, 56, EV 58.8 MPH)
Batting: RHB Danny Heikkila 0-0: Called Strike
0-1: Called Strike
0-2: Ball
1-2: Foul Ball, location: 2F
1-2: Strikes out looking
Bottom of the 7th over - 0 runs, 0 hits, 0 errors, 0 left on base; New Hampshire 1 - Birmingham 8
TOP OF THE 8TH
New Hampshire Fisher Cats batting - Pitching for Birmingham Barons : RHP Freddy Barahona
Batting: RHB Bill Murray 0-0: Called Strike
0-1: Ball
1-1: Foul Ball, location: 2F
1-2: Foul Ball, location: 2F
1-2: Ground out 6-3 (Groundball, 6S, EV 63.8 MPH)
Batting: RHB Kirk Seiffert 0-0: Ball
1-0: Foul Ball, location: 2F
1-1: Called Strike
1-2: Strikes out swinging
Batting: LHB Rodrigo Briceno 0-0: Called Strike
0-1: Foul Ball, location: 2F
0-2: Foul Ball, location: 2F
0-2: Ball
1-2: Ball
2-2: Ball
3-2: SINGLE (Groundball, 6D, EV 101.9 MPH)
Batting: SHB Dominik Hasek II 0-0: Called Strike
0-1: Foul Ball, location: 2F
0-2: Foul Ball, location: 2F
0-2: Ball
1-2: Strikes out swinging
Top of the 8th over - 0 runs, 1 hit, 0 errors, 1 left on base; New Hampshire 1 - Birmingham 8
BOTTOM OF THE 8TH
Birmingham Barons batting - Pitching for New Hampshire Fisher Cats : RHP Jordan Tejeda
Batting: LHB Joe Kirkland 0-0: SINGLE (Groundball, 34D, EV 97.5 MPH)
Batting: SHB Alfie Bungledorf 0-0: Ball
1-0: Reached on error, E4 (Groundball, 34, EV 88.8 MPH)
Joe Kirkland to second
Batting: LHB Herkko Haavikko 0-0: 3-RUN HOME RUN (Flyball, 9D, EV 94.4 MPH), Distance : 377 ft
Batting: RHB Mike Savage 0-0: Ball
1-0: Swinging Strike
1-1: Ball
2-1: Called Strike
2-2: Strikes out swinging
Batting: RHB Skyler Goss 0-0: Called Strike
0-1: Ball
1-1: Ball
2-1: Fly out, F3 (Popup, 34S, EV 68.1 MPH)
Batting: SHB Matt Childers 0-0: Ball
1-0: Foul Ball, location: 2F
1-1: Foul Ball, location: 2F
1-2: Ball
2-2: Ball
3-2: Foul Ball, location: 2F
3-2: Foul Ball, location: 2F
3-2: Strikes out swinging
Bottom of the 8th over - 3 runs, 2 hits, 1 error, 0 left on base; New Hampshire 1 - Birmingham 11
TOP OF THE 9TH
New Hampshire Fisher Cats batting - Pitching for Birmingham Barons : RHP Freddy Barahona
Batting: RHB Butch Koglin 0-0: Ball
1-0: Foul Ball, location: 2F
1-1: Ball
2-1: Called Strike
2-2: Strikes out looking
Batting: RHB Selam Chimsima 0-0: Called Strike
0-1: Ball
1-1: Foul Ball, location: 2F
1-2: Strikes out swinging
Batting: SHB Tristan Dearing 0-0: Ball
1-0: Reached via error on a dropped throw from SS, E3 (Groundball, 6D, EV 101.9 MPH)
Batting: LHB Eddie Muniz 0-0: Ball
1-0: Ball
2-0: Foul Ball, location: 2F
2-1: Ground out U3 (Groundball, 3, EV 108.8 MPH)
Top of the 9th over - 0 runs, 0 hits, 1 error, 1 left on base; New Hampshire 1 - Birmingham 11
Thursday, December 15th , 2022 - OOTP Baseball 23.9 Build 102